 Dungeon Crawl Stone Soup version 0.25-a0-294-gea9b1ad378 (webtiles) character file.

Game seed: 16600231759676471014, levelgen mode: classic

390 Borgoz the Skirmisher (level 6, -7/39 HPs)
             Began as a Gargoyle Fighter on Dec 16, 2019.
             Mangled by Menkaure (20 damage)
             ... on level 4 of the Dungeon.
             The game lasted 00:03:58 (2410 turns).

Borgoz the Skirmisher (Gargoyle Fighter)            Turns: 2410, Time: 00:03:59

Health: -7/39      AC: 11    Str: 20    XL:     6   Next: 80%
Magic:  6/6        EV:  7    Int: 11    God:
Gold:   127        SH:  9    Dex: 11    Spells: 5/5 levels left

rFire    . . .     SeeInvis .   a - +0 long sword
rCold    . . .     Gourm    .   c - +0 shield
rNeg     + . .     Faith    .   b - +0 scale mail
rPois    ∞         Spirit   .   (no helmet)
rElec    +         Reflect  .   (no cloak)
rCorr    .         Harm     .   (no gloves)
MR       .....                  (no boots)
Stlth    ..........             (no amulet)
HPRegen  0.13/turn              n - +3 ring of intelligence
MPRegen  0.10/turn              (no ring)

@: very slightly contaminated
A: negative energy resistance 1, electricity resistance, unbreathing,
petrification resistance, rot immunity, AC +4
a: no special abilities


You were on level 4 of the Dungeon.
You were hungry.

You visited 1 branch of the dungeon, and saw 4 of its levels.

You collected 127 gold pieces.

Inventory:

Hand Weapons
 a - a +0 long sword (weapon)
Armour
 b - a +0 scale mail (worn)
 c - a +0 shield (worn)
Jewellery
 n - a +3 ring of intelligence (left hand)
Scrolls
 h - a scroll of amnesia
 i - a scroll of fog
 j - a scroll of magic mapping {unknown}
 k - a scroll of teleportation
 l - a scroll of remove curse
Potions
 d - a potion of brilliance
 e - a potion of magic
 g - a potion of flight
 q - 2 potions of curing
Comestibles
 f - 6 rations


   Skills:
 + Level 4.6 Fighting
 * Level 4.2 Long Blades
 + Level 4.5 Armour
 + Level 4.6 Shields


You had 5 spell levels left.
You didn't know any spells.
Your spell library was empty.

Dungeon Overview and Level Annotations

Branches:
Dungeon (4/15)
 Temple: D:4-7

Altars:
Elyvilon
Vehumet

Annotations:
D:4 3 runed translucent doors, Menkaure; kae's ghost, novice TeFE


Innate Abilities, Weirdness & Mutations

You are resistant to torment.
Your stone body is resilient. (AC +4)
You are immune to poison.
You resist negative energy. (rN+)
You are resistant to electric shocks. (rElec)
You can survive without breathing.
You are immune to petrification.
You are immune to rotting.


Message History

You are too injured to fight recklessly!
You are too injured to fight recklessly!
You hit Menkaure.
Menkaure is moderately damaged.
Menkaure barely misses you.
You riposte.
You hit Menkaure but do no damage.
Menkaure is moderately damaged.
You feel better. Menkaure hits you.
You hit Menkaure.
Menkaure is moderately damaged.
You block Menkaure's attack. Menkaure hits you.
You slash Menkaure!
Menkaure is almost destroyed.
Menkaure calls on the powers of darkness!
Your body is wracked with pain!
The orc convulses!
The worm convulses!
The orc convulses! x2; You block Menkaure's attack.
You hit Menkaure.
Menkaure is almost destroyed.
Menkaure hits you!!
Ouch! That really hurt!
You die...

........# #(...##
####..#......
........###.....#...#
##........
..<.............#...#
###...###
......).....#...#
#...###
####............#
#.......
........##.#..).#
#...#...
.#......##.##...#
#..##...
........##o##...##
###.)
#........woM@....#
#....
........##o##.......
(...#.. ##>.....##.#
###.... ##.##..
.../....##.# ... ...
#.. ............ # .
#.. .........<.. ###
###..........
####..####.


You could see Menkaure, a worm and 3 orcs.

Vanquished Creatures
  A phantom (D:4)
  2 orc priests
  A centaur skeleton (D:4)
  A worker ant (D:4)
  An orc wizard (D:2)
  Robin (D:2)
  6 adders
  5 worms
  A dart slug (D:1)
  2 leopard geckos (D:4)
  5 orcs
  5 giant cockroaches
  12 goblins
  6 hobgoblins
  9 jackals (D:2)
  2 quokkas
  6 bats
  5 frilled lizards
  5 kobolds
  12 rats
88 creatures vanquished.

Notes
Turn   | Place    | Note
-------+----------+-------------------------------------------
     0 | D:1      | Borgoz the Gargoyle Fighter began the quest for the Orb.
     0 | D:1      | Reached XP level 1. HP: 14/14 MP: 1/1
   139 | D:1      | Reached XP level 2. HP: 17/19 MP: 2/2
   456 | D:2      | Reached XP level 3. HP: 13/23 MP: 3/3
   709 | D:2      | Noticed Robin
   716 | D:2      | Killed Robin
   716 | D:2      | Reached XP level 4. HP: 16/29 MP: 4/4
  1287 | D:2      | Found a white marble altar of Elyvilon.
  1308 | D:2      | Reached XP level 5. HP: 20/33 MP: 5/5
  1330 | D:2      | Found a radiant altar of Vehumet.
  1759 | D:3      | Reached XP level 6. HP: 38/38 MP: 6/6
  2274 | D:4      | Noticed kae's ghost (novice TeFE)
  2291 | D:4      | Found a runed translucent gate.
  2291 | D:4      | Found a runed translucent gate.
  2291 | D:4      | Found a runed translucent gate.
  2319 | D:4      | Noticed a phantom
  2355 | D:4      | Killed a phantom
  2401 | D:4      | Noticed Menkaure
  2410 | D:4      | Mangled by Menkaure

Levels and vault maps discovered:
D:1:      nzn_arrival_depleted_hourglass, layout_rooms
D:2:      layout_basic, vehumet_crystals, nicolae_overflow_hidden_temple,
          uniq_robin
D:3:      layout_loops_ring, first_ration
D:4:      layout_rooms, led_sif_book, serial_shops,
          nicolae_shop_overgrown_old_shop, gammafunk_ghost_split,
          portal_sewer_entry_e, uniq_menkaure

Skill      XL: |  1  2  3  4  5  6 |
---------------+-------------------+-----
Long Blades    | 2 3 4 |  4.2
Fighting       | 4 |  4.6
Armour         | 4 |  4.5
Shields        | 4 |  4.6

Action                   |  1- 3 |  4- 6 || total
-------------------------+-------+-------++-------
Melee: Long sword        |    87 |   253 ||   340
  Use: Potion            |       |     4 ||     4
       Scroll            |       |     8 ||     8
  Eat: Chunk             |       |     5 ||     5
Armor: Scale mail        |    50 |   173 ||   223
Dodge: Dodged            |    39 |   108 ||   147
Block: Shield            |    33 |   164 ||   197
       Rpst.: Long sword |    10 |    37 ||    47

Table legend:
 A = Non-vault XP
 B = Vault XP
 C = Vault XP percentage of total XP
 D = Non-vault monster count
 E = Vault monster count
 F = Vault count percentage of total count
                 A         B        C        D         E       F
            +---------+---------+-------+---------+---------+-------
      Total |     524 |      34 |   6.1 |      77 |      11 |  12.5
            +---------+---------+-------+---------+---------+-------
        D:1 |      14 |       0 |   0.0 |       8 |       0 |   0.0
        D:2 |     203 |      34 |  14.3 |      39 |      11 |  22.0
        D:3 |      91 |       0 |   0.0 |      22 |       0 |   0.0
        D:4 |     216 |       0 |   0.0 |       8 |       0 |   0.0
            +---------+---------+-------+---------+---------+-------
